 Dungeon Crawl Stone Soup version 0.31.0-11-ge490571c62 (webtiles) character file.

Game seed: 7647307460013878361

231 Ashen the Insei (level 6, -1/29 HPs)
             Began as a Djinni Shapeshifter on Jan 26, 2024.
             Slain by a scorpion zombie (4 damage)
             ... on level 4 of the Dungeon.
             The game lasted 00:05:03 (3105 turns).

Ashen the Insei (Djinni Shapeshifter)               Turns: 3105, Time: 00:05:04

Health: -1/29      AC:  2    Str: 13    XL:     6   Next: 24%
Gold:   123        EV: 17    Int: 17    God:
                   SH:  0    Dex: 15

rFire   + +          .
                       - Unarmed
rCold   . . .        (shield currently unavailable)
rNeg    . . .        a - melded +0 animal skin
rPois   ∞            t - +1 helmet
rElec   .            (no cloak)
rCorr   +            (no gloves)
SInv    .            (boots unavailable)
Will    .....        (no amulet)
Stlth   +            s - +6 ring of intelligence
HPRegen 0.24/turn    o - ring "Tesaaph" {+Blink Fly rC+ rCorr}
MPRegen 0.00/turn

%: infuse magic (-2 HP)
@: flux-form, flying, glowing
A: glow, contaminating, flying, reduced hp, sickness immunity, fire resistance
2, cold vulnerability 1, float, innate caster, HP casting, extra vitality 1
a: Begin Untransformation, Evoke Blink


You were on level 4 of the Dungeon.
You were something dangerously unstable.
You visited 1 branch of the dungeon, and saw 4 of its levels.

You collected 123 gold pieces.

Inventory:

Armour
 a - a +0 animal skin (melded)
 t - a +1 helmet (worn)
 x - the +2 robe of Curiosity {rC+ Str+3}
   (You found it on level 3 of the Dungeon)

   Str+3:     It affects your strength (+3).
   rC+:       It protects you from cold.
Jewellery
 o - the ring "Tesaaph" (right hand) {+Blink Fly rC+ rCorr}
   (You found it on level 2 of the Dungeon)

   [ring of flight]

   rC+:       It protects you from cold.
   Fly:       It grants you flight.
   +Blink:    It lets you blink.
   rCorr:     It protects you from acid and corrosion.
 s - a +6 ring of intelligence (left hand)
Talismans
 c - a beast talisman
 d - a flux talisman (active)
 j - a talisman of death
Wands
 v - a wand of charming (8)
Scrolls
 e - a scroll of silence {unknown}
 k - a scroll of noise {unknown}
 m - 2 scrolls of revelation {unknown}
 n - a scroll of amnesia {unknown}
 q - a scroll of immolation {unknown}
 r - 2 scrolls of identify {unknown}
 u - 3 scrolls of teleportation {unknown}
 y - a scroll of enchant armour {unknown}
 z - a scroll of fear {unknown}
Potions
 b - a potion of lignification
 f - 2 potions of curing {unknown}
 g - a potion of mutation {unknown}
 h - a potion of might {unknown}
 i - a potion of brilliance {unknown}
 l - a potion of magic {unknown}
 p - 2 potions of degeneration {unknown}
 w - a potion of haste {unknown}


   Skills:
 + Level 2.9 Fighting
 + Level 3.8 Dodging
 + Level 4.1 Unarmed Combat
 + Level 3.5 Shapeshifting


You knew the following spells:

 Your Spells              Type           Power      Damage    Failure   Level
a - Freeze                Ice            0%         1d3       24%         1
b - Blink                 Tloc           0%         N/A       34%         2
Your spell library was empty.

Dungeon Overview and Level Annotations

Branches:
Dungeon (4/15)
 Temple: D:4-7

Altars:
Nemelex Xobeh


Innate Abilities, Weirdness & Mutations

You are something dangerously unstable.
You glow with magical radiation, making you easy to see and hit.
Foes you strike become dangerously contaminated with magical radiation.
You are flying.
Your maximum health is decreased, since you lack skill for your form.
You are incapable of wielding weapons or throwing items.
You are immune to sickness and miasma.
You are immune to poison.
Your flesh is very heat resistant. (rF++)
You are vulnerable to cold. (rC-)
You float through the air rather than walking.
You learn spells naturally, not from books.
Your magical power is your life essence.
You have superior vitality. (+4 MHP)


Message History

You hit the scorpion zombie but do no damage.
The scorpion zombie begins to glow.
The scorpion zombie hits you.
You hit the scorpion zombie.
The scorpion zombie glows dangerously bright.
The scorpion zombie is lightly damaged.
The scorpion zombie hits you.
* * * LOW HITPOINT WARNING * * *
You hit the scorpion zombie.
The scorpion zombie shudders as magic cascades through it.
The scorpion zombie is moderately damaged.
The scorpion zombie misses you.
You barely miss the scorpion zombie.
The scorpion zombie is moderately damaged.
The scorpion zombie closely misses you.
You barely miss the scorpion zombie.
The scorpion zombie is moderately damaged.
The scorpion zombie hits you.
* * * LOW HITPOINT WARNING * * *
You hit the scorpion zombie.
The scorpion zombie begins to glow.
The scorpion zombie is heavily damaged.
The scorpion zombie completely misses you.
You hit the scorpion zombie but do no damage.
The scorpion zombie glows dangerously bright.
The scorpion zombie is heavily damaged.
The scorpion zombie barely misses you.
You hit the scorpion zombie.
The scorpion zombie shudders as magic cascades through it!
The scorpion zombie is almost destroyed.
The scorpion zombie closely misses you.
You hit the scorpion zombie but do no damage.
The scorpion zombie begins to glow.
The scorpion zombie is almost destroyed.
The scorpion zombie hits you but does no damage.
You hit the scorpion zombie.
The scorpion zombie glows dangerously bright.
The scorpion zombie is almost destroyed.
The scorpion zombie barely misses you.
The scorpion zombie attacks as it pursues you!
The scorpion zombie hits you.
You die...

##.P.P~.....#
#########.###.#####.#####
.........## ##.##.......#
.########.###.###.#.###.#
.........#..# #.#.###.#
.#.#####..#.# #.#..##.#
... #.##.# #.##.##.#
#.##.##.###.##.##.##
#$Zp................
#..##...........>...#
...?. ####.##.###.#...#
#..... .... #.#.#†.
#..... ###. .#[#...#
#..... #........ #......
###.###.# #.##### #.# #.#
. #.#


You could see a scorpion zombie (heavy contam).

Vanquished Creatures
  A centaur zombie (D:4)
  Ijyb (D:3)
  Terence (D:3)
  A hound zombie (D:4)
  A hound skeleton (D:4)
  A gnoll (D:1)
  3 adders
  2 adder zombies (D:4)
  A ribbon worm (D:2)
  4 dart slugs
  4 bats
  7 endoplasms
  3 giant cockroaches
  6 goblins
  5 hobgoblins
  3 jackals (D:1)
  7 kobolds
  3 quokkas
  4 ball pythons
  2 frilled lizards
  6 rats
66 creatures vanquished.

Notes
Turn   | Place    | Note
-------+----------+-------------------------------------------
     0 | D:1      | Ashen the Djinni Shapeshifter began the quest for the Orb.
     0 | D:1      | Reached XP level 1. HP: 17/17 MP: 0/0
   188 | D:1      | Reached XP level 2. HP: 18/22 MP: 0/0
   490 | D:1      | Reached XP level 3. HP: 23/27 MP: 0/0
   490 | D:1      | Learned a level 1 spell: Freeze
  1408 | D:2      | Reached XP level 4. HP: 20/33 MP: 0/0
  1849 | D:2      | Identified the ring "Tesaaph" {+Blink Fly rC+ rCorr}
  2354 | D:3      | Noticed Ijyb
  2363 | D:3      | Killed Ijyb
  2364 | D:3      | Reached XP level 5. HP: 18/39 MP: 0/0
  2364 | D:3      | Learned a level 2 spell: Blink
  2430 | D:3      | Found a sparkling altar of Nemelex Xobeh.
  2451 | D:3      | Identified the +2 robe of Curiosity {rC+ Str+3}
  2495 | D:3      | Noticed Terence
  2502 | D:3      | Killed Terence
  2670 | D:3      | Found a faded altar of an unknown god.
  3023 | D:4      | Reached skill level 4 in Unarmed Combat
  3085 | D:4      | Reached XP level 6. HP: 14/45 MP: 0/0
  3099 | D:4      | HP: 1/29 [scorpion zombie (5)]
  3105 | D:4      | Slain by a scorpion zombie

Illustrated notes

Levels and vault maps discovered:
D:1:      dpeg_arrival_rhombi, layout_basic
D:2:      layout_basic, hangedman_decor_points, hangedman_feature_mirror,
          kennysheep_potato
D:3:      layout_loops_ring, mainiacjoe_overflow_six_doors_small,
          chequers_ecumenical_altar_twisty, uniq_ijyb, uniq_terence
D:4:      layout_loops_ring, lemuel_tele_altar, serial_undead, serial_undead_b,
          serial_undead_d, serial_undead_f, serial_undead_a,
          serial_library_regret_index_double_sided, serial_bayou_pond_e,
          chequers_hall_statues_y, minmay_quantized

Skill      XL: |  1  2  3  4  5 |
---------------+----------------+-----
Shapeshifting  | 3 |  3.5
Fighting       | 2 |  2.9
Dodging        | 3 |  3.8
Unarmed Combat | 4 |  4.1

Action                     |  1- 3 |  4- 6 || total
---------------------------+-------+-------++-------
  Melee: Unarmed           |    89 |   157 ||   246
         Punch             |     1 |       ||     1
   Stab: Sleeping          |     1 |       ||     1
 Armour: Animal skin       |    39 |       ||    39
         Skin              |       |    57 ||    57
  Dodge: Dodged            |    43 |   131 ||   174
         Form:             |     1 |       ||     1
         Death             |     1 |       ||     1
         Beast             |     1 |       ||     1
         Flux              |     1 |       ||     1
